 Dungeon Crawl Stone Soup version 0.30-a0-1043-g60ff8d5f49 (webtiles) character file.

Game seed: 10318486818804802975

15491 quinnr the Zephyrmancer (level 12, -15/74 HPs)
             Began as a Tengu Air Elementalist on Apr 10, 2023.
             Was a Believer of Vehumet.
             Demolished by a freezing wraith (19 damage)
             ... in an ice cave.
             The game lasted 00:42:50 (19626 turns).

quinnr the Zephyrmancer (Tengu Air Elementalist)   Turns: 19626, Time: 00:42:50

Health: -15/74     AC:  2    Str:  9    XL:     12   Next: 27%
Magic:  5/27       EV: 18    Int: 27    God:    Vehumet [**....]
Gold:   773        SH:  0    Dex: 14    Spells: 1/31 levels left

rFire   . . .      SeeInvis .    H - +2 dagger (drain)
rCold   . . .      Faith    .    (no shield)
rNeg    + . .      Spirit   .    A - +0 leather armour {Will+}
rPois   .          Reflect  .    (helmet restricted)
rElec   .          Rampage  .    (no cloak)
rCorr   .                        c - +0 pair of gloves
Will    +....                    (boots unavailable)
Stlth   +++                      G - amulet of the acrobat
HPRegen 0.32/turn                N - ring of positive energy
MPRegen 0.20/turn                I - +6 ring of intelligence

@: flying quickly and evasively, slowed, very slow
A: beak, talons 3, nimble flight, deformed body, robust 1, sturdy frame 1
a: Renounce Religion


You were in an ice cave.
You worshipped Vehumet.
Vehumet was pleased with you.
You visited 3 branches of the dungeon, and saw 13 of its levels.
You also visited: Sewer and Ice Cave.

You collected 773 gold pieces.


Innate Abilities, Weirdness & Mutations

You have a beak for a mouth.
You have claws for feet.
Your magical nature lets you fly swiftly and evasively.
Armour fits poorly on your strangely shaped body.
You are robust. (+10% HP)
Your movements are slightly less encumbered by armour. (ER -2)


   Skills:
 - Level 5.0 Fighting
 - Level 7.0 Dodging
 - Level 5.0 Stealth
 - Level 10.0 Spellcasting
 - Level 6.0 Conjurations
 - Level 5.0 Ice Magic
 + Level 13.7 Air Magic
 - Level 3.0 Poison Magic
 + Level 5.5 Evocations


You had one spell level left.
You knew the following spells:

 Your Spells              Type           Power      Damage    Failure   Level
a - Airstrike             Air            36%        2d(6-22)  1%          4
c - Maxwell's Capacitive  Air            36%        ∞         73%         8
f - Freezing Cloud        Conj/Ice/Air   27%        6-21      4%          5
m - Mephitic Cloud        Conj/Pois/Air  53%        N/A       1%          3
p - Poisonous Vapours     Pois/Air       100%       N/A       1%          2
t - Static Discharge      Conj/Air       100%       2-7/arc   1%          2
z - Shock                 Conj/Air       100%       1d9       1%          1
X - Arcjolt               Conj/Air       30%        1d40      2%          5

Your spell library contained the following spells:

 Spells                   Type           Power      Damage    Failure   Level
 Searing Ray              Conj           90%        2d7       1%          2
 Magic Dart               Conj           100%       1d8       1%          1
 Sandblast                Erth           26%        2d8       4%          1
 Cigotuvi's Dreadful Rot  Necr/Pois/Air  86%        N/A       1%          2
 Frozen Ramparts          Ice            80%        1d13      1%          3
 Swiftness                Air            72%        N/A       1%          3
 Vhi's Electric Charge    Tloc/Air       100%       N/A       1%          3
 Stone Arrow              Conj/Erth      58%        3d10      4%          3
 Call Imp                 Summ           26%        N/A       7%          2
 Passwall                 Tmut/Erth      10%        N/A       7%          2
 Sublimation of Blood     Necr           13%        N/A       7%          2
 Ignite Poison            Fire/Tmut/Pois 18%        N/A       9%          3
 Call Canine Familiar     Summ           13%        N/A       14%         3
 Portal Projectile        Hex/Tloc       26%        N/A       14%         3
 Ice Form                 Ice/Tmut       27%        N/A       16%         4
 Summon Ice Beast         Ice/Summ       27%        N/A       16%         4
 Irradiate                Conj/Tmut      14%        3d16      36%         5
 Leda's Liquefaction      Hex/Erth       6%         N/A       41%         4
 Petrify                  Tmut/Erth      13%        N/A       41%         4

Inventory:

Hand Weapons
 r - a +2 dagger of speed
 E - a +2 dagger of venom
 H - a +2 dagger of draining (weapon)
Missiles
 u - 2 throwing nets {=f}
 y - 4 curare-tipped darts {=f}
Armour
 a - a +0 robe
 c - a +0 pair of gloves (worn)
 A - a +0 leather armour of willpower (worn)
 O - a scarf of resistance
Magical Staves
 x - a staff of cold {!a}
Jewellery
 t - a +4 ring of protection
 C - a ring of protection from cold
 G - an amulet of the acrobat (around neck)
 I - a +6 ring of intelligence (right hand)
 J - an amulet of magic regeneration
 N - a ring of positive energy (left hand)
 T - a +4 ring of protection
 Y - a +4 ring of slaying
Wands
 m - a wand of polymorph (10)
 p - a wand of roots (2)
 z - a wand of charming (8)
 K - a wand of quicksilver (1)
 Q - a wand of flame (20)
Scrolls
 f - 10 scrolls of teleportation {@r2}
 l - 4 scrolls of vulnerability
 q - a scroll of amnesia
 s - a scroll of fog
 v - 4 scrolls of immolation
 D - a scroll of poison
 F - a scroll of fear
 L - a scroll of identify {@r1}
 P - a scroll of enchant armour
Potions
 b - 2 potions of magic
 d - 3 potions of curing {@q1}
 e - 2 potions of brilliance
 g - a potion of mutation
 h - 3 potions of ambrosia
 i - a potion of berserk rage {!q}
 j - 6 potions of might
 k - 7 potions of heal wounds {@q2}
 n - 2 potions of attraction
 o - 3 potions of haste {@q3}
 w - a potion of flight
 B - a potion of lignification
 M - 2 potions of resistance

Dungeon Overview and Level Annotations

Branches:
Dungeon (9/15)             Temple (1/1) D:7            Lair (3/5) D:8
  Swamp (0/4) Lair:3       Spider (0/4) Lair:3        Sewer (visited)
  IceCv (1/1)
    Orc: D:9-12

Altars:
Ashenzari
Cheibriados
Dithmenos
Elyvilon
Kikubaaqudgha
Makhleb
Nemelex Xobeh
Okawaru
Ru
Sif Muna
Vehumet
Wu Jian
Xom
Yredelemnul
Zin

# #. .#..###
#..⌠...##
#...W.##
#@.# ###
##.#
##.###..#
#....#.(#
##......##
##..###...#
##..#####.##
#...###.###
##..###...##


You could see a freezing wraith.


Message History

Aiming: Airstrike (safe; 1% risk of failure)
Press: ? - help, Dir - move target, f/p - freezing wraith
Aim: a freezing wraith (heavily damaged, empty space bonus: 4/8)
The air twists around and strikes the freezing wraith.
The freezing wraith is severely damaged.
The freezing wraith closely misses you. The freezing wraith misses you.
The freezing wraith closely misses you. The freezing wraith hits you!
Unknown command.
Casting: Airstrike (safe; 1% risk of failure)
Confirm with . or Enter, or press ? or * to list all spells.
Aiming: Airstrike (safe; 1% risk of failure)
Press: ? - help, Dir - move target, f/p - freezing wraith
Aim: a freezing wraith (severely damaged, empty space bonus: 4/8)
The air twists around and strikes the freezing wraith!
The freezing wraith is almost destroyed.
The freezing wraith hits you! The freezing wraith freezes you!!
* * * LOW HITPOINT WARNING * * *
The freezing wraith misses you.
Unknown command.
Aiming: Throw Flame
Press: ? - help, Shift-Dir - straight line, f/p - freezing wraith
Aim: a freezing wraith (almost destroyed, 74% to hit)
The puff of flame hits the freezing wraith but does no damage.
The freezing wraith is almost destroyed.
The freezing wraith misses you.
The freezing wraith completely misses you.
The freezing wraith hits you!
* * * LOW HITPOINT WARNING * * *
The freezing wraith freezes you!!
You die...

Skill      XL: |  1  2  3  4  5  6  7  8  9 10 11 12 |
---------------+-------------------------------------+-----
Air Magic      | 5 6 7 9 10 11 13 | 13.7
Fighting       | 2 3 5 |  5.0
Stealth        | 3 5 |  5.0
Spellcasting   | 3 4 5 6 9 10 | 10.0
Conjurations   | 3 6 |  6.0
Evocations     | 4 5 |  5.5
Dodging        | 5 7 |  7.0
Ice Magic      | 3 5 |  5.0
Poison Magic   | 3 |  3.0

Action                     |  1- 3 |  4- 6 |  7- 9 | 10-12 || total
---------------------------+-------+-------+-------+-------++-------
  Melee: Unarmed           |    15 |     5 |       |       ||    20
         Kick              |     3 |     2 |     1 |    29 ||    35
         Peck              |     1 |       |     1 |    19 ||    21
         Staff             |       |       |     2 |       ||     2
         Dagger            |       |       |     1 |    62 ||    63
         Punch             |       |       |       |     2 ||     2
  Throw: Dart              |       |       |     1 |     2 ||     3
   Cast: Shock             |    97 |    77 |   193 |    72 ||   439
         Airstrike         |       |     3 |    93 |   113 ||   209
         Static Discharge  |       |       |     7 |     6 ||    13
         Mephitic Cloud    |       |       |     3 |    33 ||    36
         Freezing Cloud    |       |       |       |     5 ||     5
         Poisonous Vapours |       |       |       |    42 ||    42
         Arcjolt           |       |       |       |     3 ||     3
  Evoke: Wand              |       |     2 |     6 |    14 ||    22
    Use: Potion            |     1 |       |     1 |     5 ||     7
         Scroll            |       |     6 |       |    19 ||    25
   Stab: Confused          |       |       |       |    10 ||    10
 Armour: Robe              |     8 |     7 |     5 |       ||    20
         Leather armour    |       |       |     1 |     3 ||     4
  Dodge: Dodged            |    30 |    17 |    49 |    57 ||   153

Levels and vault maps discovered:
D:1:      minmay_arrival_plants_in_alcoves, layout_basic,
          shapermc_ecumenical_altar_mp_highgroup, serial_bayou_pond_b
D:2:      layout_basic, basic_altar
D:3:      layout_loops_ring, hangedman_abyss_or_decor_lesser_grid, uniq_ijyb
D:4:      layout_loops_ring, okawaru_trees_1, portal_sewer_entry_e,
          kennysheep_big_empty_room
D:5:      layout_rooms, xom_teletrap_fun, nicolae_eternal_life, chequers_avenue,
          serial_bayou_pond_c, minmay_misc_feat_columns
D:6:      nicolae_cairo_tiling, layout_basic, nicolae_overflow_crystal_walls,
          chequers_serial_rivers_micro_a, minivault_10
D:7:      layout_basic, minmay_temple_entry_drinking_statues,
          serial_bayou_pond_d, grunt_ministairs_15, guppyfry_early_elven_hall
D:8:      layout_basic, dpeg_lair_monsters
D:9:      layout_loops_ring, kennysheep_little_box, jmf_multi_god_temple2
Temple:   eino_narrow_crystal_temple
Lair:1:   layout_roguey, serial_forest, infiniplex_forest_end_1,
          infiniplex_forest_lined_4_way, infiniplex_forest_end_2,
          infiniplex_forest_end_2, dreamdust_mushroom_princess, uniq_sonja
Lair:2:   layout_regular_city, pdpol_lair_cabin_in_the_woods
Lair:3:   layout_regular_city, palyth_hydra_swamp_entry,
          spider_nest_entry_funnel_web, portal_ice_cave_entry_pillars_1,
          minmay_stone_trees_small, bh_autumn_forest_stairs,
          serial_bayou_shore_b
IceCv:    ice_cave_caverns_02

Notes
Turn   | Place    | Note
-------+----------+-------------------------------------------
     0 | D:1      | quinnr the Tengu Air Elementalist began the quest for the
                  | Orb.
     0 | D:1      | Reached XP level 1. HP: 10/10 MP: 4/4
   238 | D:1      | Reached XP level 2. HP: 15/15 MP: 4/6
   342 | D:1      | Reached skill level 5 in Air Magic
   849 | D:1      | Reached XP level 3. HP: 19/19 MP: 1/7
  1243 | D:1      | Found a faded altar of an unknown god.
  1673 | D:2      | Found a shimmering altar of Xom.
  2141 | D:2      | Reached skill level 6 in Air Magic
  2457 | D:3      | Noticed Ijyb
  2462 | D:3      | Killed Ijyb
  2463 | D:3      | Reached XP level 4. HP: 15/24 MP: 8/8
  2730 | D:3      | Reached skill level 7 in Air Magic
  3213 | D:4      | Identified a scroll of acquirement
  3213 | D:4      | Acquired Maxwell's Memoranda
  3288 | D:4      | Noticed an ogre
  3323 | D:4      | Found a glowing drain.
  3328 | D:4      | Gained mutation: Your magical nature lets you fly swiftly
                  | and evasively. [Tengu growth]
  3328 | D:4      | Reached XP level 5. HP: 26/28 MP: 1/9
  3396 | D:4      | Learned a level 2 spell: Static Discharge
  3397 | Sewer    | Entered a sewer
  3403 | Sewer    | Learned a level 4 spell: Airstrike
  3804 | Sewer    | Reached skill level 8 in Air Magic
  3890 | Sewer    | Noticed Grinder
  3893 | Sewer    | Paralysed by Grinder for 3 turns
  3897 | Sewer    | Killed Grinder
  3898 | Sewer    | Reached skill level 9 in Air Magic
  3898 | Sewer    | Reached XP level 6. HP: 20/32 MP: 4/10
  3907 | Sewer    | Reached skill level 10 in Air Magic
  3907 | Sewer    | Reached XP level 7. HP: 26/36 MP: 0/11
  4220 | Sewer    | Found an ancient bone altar of Kikubaaqudgha.
  4230 | Sewer    | Reached skill level 1 in Fighting
  4615 | D:4      | Reached skill level 3 in Stealth
  5060 | D:4      | Reached skill level 2 in Fighting
  5133 | D:4      | Found an iron altar of Okawaru.
  5456 | D:5      | Entered Level 5 of the Dungeon
  5639 | D:5      | Reached skill level 3 in Spellcasting
  6051 | D:5      | Reached XP level 8. HP: 45/45 MP: 3/14
  6188 | D:5      | Reached skill level 4 in Stealth
  6258 | D:5      | Reached skill level 3 in Fighting
  6269 | D:5      | Identified a +1 robe of resistance
  6273 | D:5      | Reached skill level 4 in Spellcasting
  6675 | D:5      | Reached skill level 5 in Stealth
  6739 | D:5      | Found a shimmering altar of Xom.
  6742 | D:5      | Reached skill level 2 in Conjurations
  6812 | D:5      | Reached skill level 1 in Evocations
  6854 | D:5      | Reached skill level 3 in Conjurations
  6901 | D:5      | Reached skill level 2 in Evocations
  6967 | D:5      | Reached skill level 3 in Evocations
  7460 | D:6      | Reached skill level 4 in Evocations
  7824 | D:6      | Reached XP level 9. HP: 51/51 MP: 3/16
  7958 | D:6      | Reached skill level 3 in Dodging
  8278 | D:6      | Learned a level 5 spell: Freezing Cloud
  8872 | D:6      | Found a burning altar of Makhleb.
  9228 | D:7      | Reached skill level 4 in Fighting
  9228 | D:7      | Reached skill level 1 in Ice Magic
 10102 | D:7      | Reached skill level 4 in Dodging
 10218 | D:7      | Reached skill level 5 in Spellcasting
 10276 | D:7      | Found a staircase to the Ecumenical Temple.
 10290 | Temple   | Entered the Ecumenical Temple
 10374 | Temple   | Became a worshipper of Vehumet
 10487 | D:7      | Reached skill level 2 in Ice Magic
 10629 | D:7      | Noticed a deep elf pyromancer
 10638 | D:7      | Killed a deep elf pyromancer
 10639 | D:7      | Reached skill level 5 in Fighting
 10639 | D:7      | Reached skill level 11 in Air Magic
 10897 | D:7      | Reached skill level 5 in Dodging
 10996 | D:7      | Learned a level 3 spell: Mephitic Cloud
 11250 | D:8      | Noticed a death yak
 11392 | D:8      | Noticed a death yak
 11412 | D:8      | Noticed a death yak
 11415 | D:8      | HP: 2/54 [death yak (13)]
 11493 | D:7      | Reached skill level 3 in Ice Magic
 11493 | D:7      | Reached XP level 10. HP: 25/59 MP: 4/18
 11621 | D:8      | Reached skill level 1 in Poison Magic
 12008 | D:8      | Found a staircase to the Lair.
 12167 | D:8      | Reached skill level 2 in Poison Magic
 12595 | D:8      | Reached * piety under Vehumet
 12595 | D:8      | Offered knowledge of Freeze by Vehumet.
 13367 | D:8      | Reached skill level 4 in Ice Magic
 13561 | D:8      | Killed a death yak
 13562 | D:8      | Reached skill level 12 in Air Magic
 13562 | D:8      | Reached skill level 3 in Poison Magic
 13679 | D:8      | Killed a death yak
 13680 | D:8      | Reached skill level 5 in Ice Magic
 14000 | D:9      | Reached skill level 13 in Air Magic
 14077 | D:9      | Reached skill level 4 in Conjurations
 14189 | D:9      | Noticed a kobold demonologist
 14197 | D:9      | Killed a kobold demonologist
 14198 | D:9      | Reached skill level 5 in Conjurations
 14332 | D:9      | Reached skill level 6 in Conjurations
 14478 | D:9      | Noticed a green ugly thing
 14804 | D:8      | Found a staircase to the Lair.
 15379 | D:8      | Killed a death yak
 15380 | D:8      | Reached skill level 6 in Spellcasting
 15380 | D:8      | Reached XP level 11. HP: 51/63 MP: 1/21
 15651 | Lair:1   | Entered Level 1 of the Lair of Beasts
 15705 | Lair:1   | Reached skill level 7 in Spellcasting
 16035 | Lair:1   | Gained mutation: Potions are less effective at restoring
                  | your health. [potion of mutation]
 16035 | Lair:1   | Gained mutation: You are dopey. (Int -2) [potion of
                  | mutation]
 16035 | Lair:1   | Gained mutation: You are robust. (+10% HP) [potion of
                  | mutation]
 16036 | Lair:1   | Lost mutation: You are robust. (+10% HP) [potion of
                  | mutation]
 16036 | Lair:1   | Lost mutation: You are dopey. (Int -2) [potion of mutation]
 16036 | Lair:1   | Gained mutation: You possess an exceptional clarity of
                  | mind. [potion of mutation]
 16036 | Lair:1   | Gained mutation: You have hidden genetic defects. [potion
                  | of mutation]
 16036 | Lair:1   | Lost mutation: You possess an exceptional clarity of mind.
                  | [potion of mutation]
 16036 | Lair:1   | Gained mutation: You passively map a small area around you.
                  | [potion of mutation]
 16037 | Lair:1   | Lost mutation: Potions are less effective at restoring your
                  | health. [potion of mutation]
 16037 | Lair:1   | Lost mutation: You have hidden genetic defects. [potion of
                  | mutation]
 16037 | Lair:1   | Lost mutation: You passively map a small area around you.
                  | [potion of mutation]
 16037 | Lair:1   | Gained mutation: You are frail. (-10% HP) [potion of
                  | mutation]
 16038 | Lair:1   | Lost mutation: You are frail. (-10% HP) [potion of
                  | mutation]
 16038 | Lair:1   | Gained mutation: Armour fits poorly on your strangely
                  | shaped body. [potion of mutation]
 16038 | Lair:1   | Gained mutation: You are robust. (+10% HP) [potion of
                  | mutation]
 16038 | Lair:1   | Gained mutation: Your movements are slightly less
                  | encumbered by armour. (ER -2) [potion of mutation]
 16082 | Lair:1   | Noticed Sonja
 16084 | Lair:1   | Killed Sonja
 16085 | Lair:1   | Reached skill level 6 in Dodging
 16223 | Lair:1   | Learned a level 5 spell: Arcjolt
 16602 | Lair:2   | Noticed an eight-headed hydra
 16871 | Lair:2   | Reached skill level 7 in Dodging
 17013 | Lair:2   | Noticed a four-headed hydra
 17023 | Lair:2   | Killed a four-headed hydra
 17148 | Lair:2   | Killed an eight-headed hydra
 17149 | Lair:2   | Reached skill level 8 in Spellcasting
 17173 | Lair:2   | Learned a level 2 spell: Poisonous Vapours
 17397 | Lair:2   | Reached skill level 9 in Spellcasting
 17850 | Lair:2   | Reached XP level 12. HP: 68/74 MP: 6/26
 18033 | Lair:2   | Reached ** piety under Vehumet
 18033 | Lair:2   | Offered knowledge of Searing Ray by Vehumet.
 18034 | Lair:2   | Reached skill level 10 in Spellcasting
 18124 | Lair:2   | Learned a level 8 spell: Maxwell's Capacitive Coupling
 18535 | Lair:2   | Found a runed translucent door.
 18937 | Lair:3   | Reached skill level 5 in Evocations
 19156 | Lair:3   | Found a frozen archway.
 19182 | IceCv    | Entered an ice cave
 19401 | IceCv    | Identified a scarf of resistance
 19626 | IceCv    | HP: 4/74 [freezing wraith (14)]
 19626 | IceCv    | Demolished by a freezing wraith

Vanquished Creatures
  2 hydras (Lair:2)
  3 death yaks (D:8)
  Sonja (Lair:1)
  A deep elf pyromancer (D:7)
  A black mamba (Lair:2)
  5 cane toads
  A kobold demonologist (D:9)
  A komodo dragon (Lair:3)
  A troll (D:9)
  Grinder (Sewer)
  5 blink frogs (Lair:2)
  3 wyverns
  A shadow (D:9)
  16 yaks
  A basilisk (Lair:1)
  A human (Lair:2)
  A steam dragon (D:7)
  3 water moccasins
  3 orc warriors
  2 ogres
  A black bear (D:8)
  2 ice beasts (D:6)
  3 sky beasts
  7 wolves
  4 centaurs (D:8)
  2 kobold brigands
  8 bullfrogs
  A gnoll sergeant (D:5)
  A necrophage (Sewer)
  2 scorpions (D:6)
  11 wights
  5 hounds
  3 gnoll boudas
  An orc priest (D:5)
  3 iguanas
  A sleepcap (D:7)
  Ijyb (D:3)
  4 orc wizards (D:8)
  4 spriggan simulacra (IceCv)
  2 troll simulacra (IceCv)
  A wolf simulacrum (IceCv)
  20 gnolls
  4 adders
  A naga simulacrum (IceCv)
  A shadow imp (D:6)
  A white imp (D:6)
  4 ufetubi
  2 worms
  A dart slug (D:4)
  20 orcs
  8 ball pythons
  6 bats
  10 endoplasms
  10 giant cockroaches
  3 goblins
  10 hobgoblins
  5 jackals
  34 kobolds
  6 quokkas
  5 frilled lizards
  A giant cockroach zombie (Sewer)
  A kobold zombie (Sewer)
  10 rats
283 creatures vanquished.

Vanquished Creatures (others)
  15 fungi
  28 plants
43 creatures vanquished.

Grand Total: 326 creatures vanquished

Table legend: (Time is in decaauts)
 A = Elapsed time spent in this place.
 B = Non-inter-level travel time spent in this place.
 C = Inter-level travel time spent in this place.
 D = Time resting spent in this place.
 E = Time spent auto-exploring this place.
 F = Levels seen in this place.
 G = Mean time per level.
                   A        B        C        D        E       F      G
               +--------+--------+--------+--------+--------+-----+--------+
         Total |  18907 |  18148 |    759 |   3608 |  11962 |  15 | 1260.5 |
       Dungeon |  14251 |  13701 |    550 |   2525 |   9490 |   9 | 1583.4 |
        Temple |     90 |     67 |     23 |      0 |     62 |   1 |   90.0 |
          Lair |   3211 |   3026 |    185 |    663 |   1740 |   3 | 1070.3 |
         Sewer |    937 |    937 |      0 |    230 |    499 |   1 |  937.0 |
      Ice Cave |    416 |    416 |      0 |    188 |    170 |   1 |  416.0 |
               +--------+--------+--------+--------+--------+-----+--------+

Top non-repeatable levels by time:
     D:8: 3239 daAuts
     D:7: 2343 daAuts
     D:6: 1991 daAuts
  Lair:2: 1842 daAuts
     D:4: 1770 daAuts
     D:1: 1421 daAuts
     D:5: 1343 daAuts
  Lair:1: 1103 daAuts
     D:3: 976 daAuts
   Sewer: 937 daAuts
     D:2: 807 daAuts
   IceCv: 416 daAuts
     D:9: 356 daAuts
  Lair:3: 266 daAuts
  Temple: 90 daAuts

Table legend:
 A = Non-vault XP
 B = Vault XP
 C = Vault XP percentage of total XP
 D = Non-vault monster count
 E = Vault monster count
 F = Vault count percentage of total count
                 A         B        C        D         E       F
            +---------+---------+-------+---------+---------+-------
      Total |   16552 |    5579 |  25.2 |     213 |      70 |  24.7
            +---------+---------+-------+---------+---------+-------
        D:1 |      39 |       6 |  13.3 |      26 |       3 |  10.3
        D:2 |      16 |       0 |   0.0 |      10 |       0 |   0.0
        D:3 |      44 |      36 |  45.0 |       9 |       1 |  10.0
        D:4 |     280 |      13 |   4.4 |      28 |       8 |  22.2
        D:5 |    1057 |       0 |   0.0 |      30 |       0 |   0.0
        D:6 |    1036 |       0 |   0.0 |      24 |       0 |   0.0
        D:7 |     910 |     857 |  48.5 |      13 |      10 |  43.5
        D:8 |    1057 |    2871 |  73.1 |      24 |       5 |  17.2
        D:9 |    1092 |       0 |   0.0 |       4 |       0 |   0.0
     Lair:1 |    1434 |     766 |  34.8 |       6 |       1 |  14.3
     Lair:2 |    7189 |     189 |   2.6 |      25 |       1 |   3.8
     Lair:3 |    2398 |      37 |   1.5 |      14 |       1 |   6.7
      Sewer |       0 |     559 | 100.0 |       0 |      31 | 100.0
      IceCv |       0 |     245 | 100.0 |       0 |       9 | 100.0
            +---------+---------+-------+---------+---------+-------
